 Dungeon Crawl Stone Soup version 0.28-a0-317-g21599a725c (webtiles) character file.

Game seed: 1559423552938741375

98 AarnesTheHuman the Chiller (level 4, -7/33 HPs)
             Began as a Barachi Ice Elementalist on Sept 1, 2021.
             Mangled by a hornet zombie (9 damage)
             ... on level 3 of the Dungeon.
             The game lasted 00:05:36 (4577 turns).

AarnesTheHuman the Chiller (BaIE)                   Turns: 4577, Time: 00:05:36

Health: -7/33      AC:  2    Str:  9    XL:     4   Next: 71%
Magic:  2/8        EV: 12    Int: 17    God:
Gold:   75         SH:  0    Dex: 12    Spells: 8/9 levels left

rFire   + . .      SeeInvis .   c - +0 dagger
rCold   + . .      Faith    .   (no shield)
rNeg    . . .      Spirit   .   a - +0 robe
rPois   .          Reflect  .   (no helmet)
rElec   .          Harm     .   (no cloak)
rCorr   .          Rampage  .   (no gloves)
Will    .....                   (no boots)
Stlth   ++........              (no amulet)
HPRegen 0.11/turn               b - ring of protection from cold
MPRegen 0.11/turn               e - ring of protection from fire

@: unable to hop, slow
A: amphibious, slowness 1, strong legs 1, +LOS
a: Hop


You were on level 3 of the Dungeon.
You visited 1 branch of the dungeon, and saw 3 of its levels.

You collected 75 gold pieces.

Inventory:

Hand Weapons
 c - a +0 dagger (weapon)
Armour
 a - a +0 robe (worn)
 j - a +0 scale mail
Jewellery
 b - a ring of protection from cold (left hand)
 e - a ring of protection from fire (right hand)
Scrolls
 d - 4 scrolls of identify {unknown}
 g - a scroll of enchant armour {unknown}
 k - a scroll of teleportation {unknown}
Potions
 f - a potion of brilliance {unknown}
 h - a potion of haste {unknown}
 i - 2 potions of degeneration {unknown}


   Skills:
 + Level 2.3 Fighting
 - Level 2.1 Dodging
 - Level 1.7 Stealth
 + Level 3.0 Spellcasting
 * Level 6.1 Ice Magic


You had 8 spell levels left.
You knew the following spells:

 Your Spells              Type           Power      Damage    Failure   Level
a - Freeze                Ice            92%        1d10      1%          1

Your spell library contained the following spells:

 Spells                   Type           Power      Damage    Failure   Level
 Frozen Ramparts          Ice            46%        1d6       4%          3
 Ozocubu's Armour         Ice            23%        N/A       4%          3
 Hailstorm                Conj/Ice       13%        3d5       43%         4


Dungeon Overview and Level Annotations

Branches:
Dungeon (3/15)

Altars:
Vehumet


Innate Abilities, Weirdness & Mutations

You are amphibious.
You cover ground slowly.
You can hop short distances.
You have an extended range of vision and can be seen from far away.


Message History

Press: ? - help, Shift-Dir - straight line, f/p - hornet zombie
Aim: a hornet zombie (lightly damaged)
You freeze the hornet zombie but do no damage.
The hornet zombie completely resists.
The hornet zombie barely misses you. x2
Casting: Freeze (safe; 1% risk of failure)
Confirm with . or Enter, or press ? or * to list all spells.
Aiming: Freeze (safe; 1% risk of failure)
Press: ? - help, Shift-Dir - straight line, f/p - hornet zombie
Aim: a hornet zombie (lightly damaged)
You freeze the hornet zombie.
The hornet zombie resists.
The hornet zombie is lightly damaged.
The hornet zombie misses you.
Casting: Freeze (safe; 1% risk of failure)
Confirm with . or Enter, or press ? or * to list all spells.
Aiming: Freeze (safe; 1% risk of failure)
Press: ? - help, Shift-Dir - straight line, f/p - hornet zombie
Aim: a hornet zombie (lightly damaged)
You freeze the hornet zombie but do no damage.
The hornet zombie completely resists.
The hornet zombie misses you.
You barely miss the hornet zombie.
The hornet zombie is lightly damaged.
The hornet zombie hits you. The hornet zombie misses you.
You hit the hornet zombie.
The hornet zombie is lightly damaged.
The hornet zombie closely misses you.
You barely miss the hornet zombie.
The hornet zombie is lightly damaged.
The hornet zombie closely misses you. The hornet zombie hits you!
There is an open door, spattered with blood here.
Hop to where?
Press: ? - help, Dir - move target, p - hornet zombie Boing!
The hornet zombie hits you!
* * * LOW HITPOINT WARNING * * *
The hornet zombie misses you.
There is a stone staircase leading down here.
You can't go up here!
The hornet zombie hits you!
You die...

#(....# ###'### #..#
#..# ...#
##########.##
##.##.....##.....##
##.#..............##
.#.................#
.≈≈.≈#.........Z...#
≈≈≈≈#≈≈.........@..#
≈≈#≈≈≈≈≈≈..........#
≈≈...###≈≈.........#
≈#..≈.≈≈≈≈.>.......#
≈≈≈.≈≈≈≈≈#≈.......##
≈≈≈<≈≈≈≈≈≈≈≈.....##
≈≈...≈≈≈≈≈≈≈.##.##
≈≈.<.≈≈≈≈≈≈..##.#
≈≈8..≈≈≈≈≈≈≈###.#


You could see a hornet zombie.

Vanquished Creatures
  3 adders
  A worm (D:2)
  10 dart slugs
  4 bats
  An endoplasm (D:1)
  4 hobgoblins (D:1)
  4 jackals (D:2)
  3 quokkas
  4 ball pythons
  2 frilled lizards (D:1)
  8 goblins
  4 kobolds
  3 rats (D:1)
51 creatures vanquished.

Notes
Turn   | Place    | Note
-------+----------+-------------------------------------------
     0 | D:1      | AarnesTheHuman the Barachi Ice Elementalist began the quest
                  | for the Orb.
     0 | D:1      | Reached XP level 1. HP: 13/13 MP: 3/3
   110 | D:1      | Reached skill level 5 in Ice Magic
   134 | D:1      | Reached XP level 2. HP: 5/20 MP: 0/5
   384 | D:1      | Found a faded altar of an unknown god.
   579 | D:1      | Reached skill level 1 in Fighting
   976 | D:1      | You fall into a shaft and drop 1 floor!
  1153 | D:1      | Reached XP level 3. HP: 20/26 MP: 4/6
  2038 | D:2      | Reached XP level 4. HP: 29/33 MP: 5/8
  3526 | D:2      | Reached skill level 6 in Ice Magic
  4556 | D:3      | Found a radiant altar of Vehumet.
  4577 | D:3      | Mangled by a hornet zombie

Illustrated notes

Levels and vault maps discovered:
D:1:      wander_arrival_lonely_grave, layout_basic,
          dilly_ecumenical_altar_fadedgnrine
D:2:      layout_basic
D:3:      kennysheep_slugbush, layout_rooms, nicolae_vehumet_altar_sigil,
          nrook_mini_backslash, uniq_natasha, uniq_crazy_yiuf_cottage

Skill      XL: |  1  2  3  4 |
---------------+-------------+-----
Ice Magic      | 5 6 |  6.1
Fighting       | 1 2 |  2.3
Spellcasting   | 3 |  3.0
Dodging        | |  2.1
Stealth        | |  1.7

Action                   |  1- 3 |  4- 6 || total
-------------------------+-------+-------++-------
Melee: Dagger            |    47 |    10 ||    57
       Unarmed           |     1 |       ||     1
 Cast: Freeze            |    47 |    30 ||    77
 Abil: Hop               |     2 |     1 ||     3
 Stab: Sleeping          |     4 |     1 ||     5
Armor: Robe              |    12 |     3 ||    15
Dodge: Dodged            |    59 |    70 ||   129

Table legend: (Time is in decaauts)
 A = Elapsed time spent in this place.
 B = Non-inter-level travel time spent in this place.
 C = Inter-level travel time spent in this place.
 D = Time resting spent in this place.
 E = Time spent auto-exploring this place.
 F = Levels seen in this place.
 G = Mean time per level.
                   A        B        C        D        E       F      G
               +--------+--------+--------+--------+--------+-----+--------+
         Total |   4871 |   4841 |     30 |   1889 |   2379 |   3 | 1623.7 |
       Dungeon |   4871 |   4841 |     30 |   1889 |   2379 |   3 | 1623.7 |
               +--------+--------+--------+--------+--------+-----+--------+

Top non-repeatable levels by time:
     D:2: 3003 daAuts
     D:1: 1628 daAuts
     D:3: 239 daAuts
